 Dungeon Crawl Stone Soup version 0.31-a0-771-g505c3d19dc (webtiles) character file.

Game seed: 14434897855037171355

96799 cforsyth the Slayer (level 16, -1/126 HPs)
             Began as a Djinni Delver on Sept 16, 2023.
             Was the Champion of Hepliaklqana.
             Shot with an arrow by a centaur (10 damage)
             ... led by a centaur warrior
             ... on level 14 of the Dungeon on Sept 17, 2023.
             The game lasted 01:37:41 (31254 turns).

cforsyth the Slayer (Djinni Delver)                Turns: 31254, Time: 01:37:42

Health: -1/126     AC:  8    Str: 17    XL:     16   Next: 67%
Gold:   1572       EV: 10    Int: 26    God:    Hepliaklqana [******] SH: 11 Dex: 13

rFire   + + +        T - +6 rapier "Dragonslayer" {freeze, rF+}
rCold   + . .        N - +0 kite shield
rNeg    . . .        h - +0 troll leather armour
rPois   ∞            G - +0 helmet
rElec   +            O - +0 cloak
rCorr   .            L - +2 pair of gloves {Str+3}
SInv    .            (boots unavailable)
Will    +....        l - amulet of regeneration
Stlth   ++           W - ring "Hetyeg" {rElec Int+6}
HPRegen 2.01/turn    d - ring of Beogh, Leaping {rF++ rC++ MP+9 Str+3 Dex-2}
MPRegen 0.00/turn

%: infuse magic (-2 HP)
@: flying, studying Ice Magic
A: reduced essence, sickness immunity, fire resistance 2, cold vulnerability 1,
float, innate caster, HP casting, extra vitality 1
a: Renounce Religion, Recall Ancestor, Ancestor Identity, Transference, Idealise


You were on level 14 of the Dungeon.
You worshipped Hepliaklqana.
Hepliaklqana was exalted by your worship.
You visited 4 branches of the dungeon, and saw 22 of its levels.
You also visited: Sewer, Bailey, Gauntlet and Ice Cave.

You collected 2599 gold pieces.
You spent 1027 gold pieces at shops.

Inventory:

Hand Weapons
 b - the +9 flail "Suxoib" {elec, rPois Int+5 Dex-4}
   (You found it in a bailey)

   Int+5:     It affects your intelligence (+5).
   Dex-4:     It affects your dexterity (-4).
   rPois:     It protects you from poison
 T - the +6 rapier "Dragonslayer" (weapon) {freeze, rF+}
   (You found it on level 2 of the Lair of Beasts)

   rF+:       It protects you from fire.
Missiles
 Y - a throwing net
Armour
 h - a +0 troll leather armour (worn)
 G - a +0 helmet (worn)
 L - a +2 pair of gloves of strength (worn)
 N - a +0 kite shield (worn)
 O - a +0 cloak (worn)
 Z - the +1 ice dragon scales of Spring {Rampage rF- rC++ Dex+4}
   (You took it off a minotaur in a Gauntlet)

   Dex+4:     It affects your dexterity (+4).
   rF-:       It makes you vulnerable to fire.
   rC++:      It greatly protects you from cold.
   Rampage:   It bestows one free step when moving towards enemies.
Magical Staves
 I - the staff "Rulydent" {rF+ rCorr Str+3 Dex+4 Fire}
   (You found it on level 12 of the Dungeon)

   [staff of fire]

   Base accuracy: +5 Base damage: 5 Base attack delay: 1.2 This weapon's minimum
   attack delay (0.6) is reached at skill level 12.
   Str+3:     It affects your strength (+3).
   Dex+4:     It affects your dexterity (+4).
   rF+:       It protects you from fire.
   rCorr:     It protects you from acid and corrosion.
   Fire:      It increases the power of your Fire spells.
   It falls into the 'Staves' category.
   It is a one-handed weapon.
Jewellery
 d - the ring of Beogh, Leaping (right hand) {rF++ rC++ MP+9 Str+3 Dex-2}
   (You found it on level 1 of the Lair of Beasts)

   [ring of magical power]

   Str+3:     It affects your strength (+3).
   Dex-2:     It affects your dexterity (-2).
   rF++:      It greatly protects you from fire.
   rC++:      It greatly protects you from cold.
   MP+9:      It affects your magic capacity (+9).
 l - an amulet of regeneration (around neck)
 z - the ring "Bynis" {Will+ Str+4 Int+4}
   (You found it on level 2 of the Dungeon)

   [ring of willpower]

   Str+4:     It affects your strength (+4).
   Int+4:     It affects your intelligence (+4).
   Will+:     It increases your willpower.
 A - the ring of Mooll {Dex+3 Slay+4}
   (You took it off a minotaur in a Gauntlet)

   [ring of slaying]

   Dex+3:     It affects your dexterity (+3).
   Slay+4:    It affects your accuracy & damage with ranged weapons and melee
   (+4).
 B - a +4 ring of slaying
 C - a ring of resist corrosion
 M - a ring of see invisible
 W - the ring "Hetyeg" (left hand) {rElec Int+6}
   (You found it in a Gauntlet)

   [ring of intelligence]

   Int+6:     It affects your intelligence (+6).
   rElec:     It insulates you from electricity.
 X - a ring of ice
Wands
 g - a wand of digging (9)
 r - a wand of mindburst (1)
 s - a wand of iceblast (10)
 J - a wand of charming (25)
 K - a wand of polymorph (22)
 Q - a wand of flame (20)
 V - a wand of quicksilver (4)
Scrolls
 a - 4 scrolls of vulnerability
 c - a scroll of fog
 e - 6 scrolls of poison {unknown}
 i - 3 scrolls of enchant armour {unknown}
 j - 4 scrolls of teleportation
 k - 3 scrolls of silence {unknown}
 p - 5 scrolls of fear
 t - 6 scrolls of immolation {unknown}
 y - 3 scrolls of acquirement {unknown}
 E - 2 scrolls of summoning
 F - 4 scrolls of noise {unknown}
 P - 2 scrolls of revelation
 S - a scroll of enchant weapon
 U - a scroll of torment
Potions
 f - 3 potions of haste
 m - 6 potions of curing
 n - 2 potions of lignification
 o - 4 potions of heal wounds
 q - 3 potions of invisibility
 u - 5 potions of brilliance
 v - 5 potions of might
 w - 3 potions of cancellation
 x - a potion of resistance {unknown}
 D - 2 potions of ambrosia
 H - 2 potions of enlightenment
 R - a potion of berserk rage


   Skills:
 + Level 21.0 Fighting
 - Level 1.7 Long Blades
 - Level 2.1 Dodging
 - Level 4.1 Stealth
 - Level 10.0 Shields
 + Level 14.1 Spellcasting
 + Level 14.1 Conjurations
 + Level 14.1 Hexes
 + Level 14.1 Summonings
 + Level 14.1 Necromancy
 + Level 14.1 Translocations
 + Level 14.1 Transmutations
 + Level 14.1 Fire Magic
 + Level 16.8 Ice Magic
 + Level 14.1 Air Magic
 + Level 14.1 Earth Magic
 + Level 14.1 Poison Magic


You knew the following spells:

 Your Spells              Type           Power      Damage    Failure   Level
a - Shock                 Conj/Air       100%       1d9       1%          1
b - Passwall              Tmut/Erth      62%        N/A       1%          2
c - Wereblood             Tmut           75%        N/A       1%          2
d - Fulminant Prism       Conj/Hex       37%        3d17      1%          4
e - Dispel Undead         Necr           75%        3d25      1%          4
f - Arcjolt               Conj/Air       37%        1d47      1%          5
g - Conjure Ball Lightni  Conj/Air       37%        3x3d12    3%          6
Your spell library was empty.

Dungeon Overview and Level Annotations

Branches:
Dungeon (14/15)            Temple (1/1) D:7            Lair (5/5) D:10
  Swamp (0/4) Lair:2       Spider (0/4) Lair:2        Slime (0/5) Lair:5
    Orc (2/2) D:12            Elf (0/3) Orc:2         Sewer (visited)
 Bailey (visited)           IceCv (visited)         Gauntlet (visited)
 Vaults: D:13-14

Altars:
Ashenzari
Cheibriados
Dithmenos
Elyvilon
Fedhas
Gozag
Hepliaklqana
Makhleb
Nemelex Xobeh
Okawaru
Qazlal
Ru
Trog
Uskayaw
Wu Jian
Xom
Yredelemnul
Zin
The Shining One
Jiyva

Shops:
D:1 (   D:3 (   Orc:2 [[(*

Annotations:
Lair:1 3 runed translucent doors, Eugor's ghost, journeyman DjFE; Luexkioj's ghost, novice HOFi; bakla's ghost, journeyman DgHu


Innate Abilities, Weirdness & Mutations

Your life essence is reduced to manifest your ancestor. (-10% HP)
You are immune to sickness and miasma.
You are immune to poison.
Your flesh is very heat resistant. (rF++)
You are vulnerable to cold. (rC-)
You float through the air rather than walking.
You learn spells naturally, not from books.
Your magical power is your life essence.
You have superior vitality. (+4 MHP)


Message History

Jabu hits something with a +0 broad axe of flaming!
Jabu burns something.
The arrow hits the centaur warrior!
The arrow barely misses the centaur warrior.
An arrow appears from out of your range of vision.
The centaur warrior wields a +1 orcbow of flaming.
It bursts into flame!
The centaur warrior shoots an arrow.
The arrow hits you!
The centaur warrior shoots an arrow.
The arrow hits you!!
Jabu is recalled.
The centaur warrior shoots an arrow.
The arrow hits you!
The centaur warrior shoots an arrow.
The arrow hits you!!
The centaur warrior shoots an arrow.
The arrow hits you!!
* * * LOW HITPOINT WARNING * * *
The arrow burns you.
* * * LOW HITPOINT WARNING * * *
A centaur comes into view.
The centaur wields a +0 orcbow.
The centaur shoots an arrow.
Jabu blocks the arrow.
The centaur warrior shoots an arrow.
The arrow hits Jabu!
The arrow burns Jabu.
The centaur warrior shoots an arrow.
The arrow hits Jabu but does no damage.
A centaur comes into view. It is wielding a +0 orcbow.
The centaur warrior shoots an arrow.
You block the arrow.
The centaur warrior shoots an arrow.
The arrow hits Jabu!!
A centaur comes into view.
The centaur warrior shoots an arrow.
The arrow hits Jabu.
The centaur warrior shoots an arrow.
The arrow hits Jabu!
Jabu is destroyed!
The centaur wields a +0 orcbow.
The centaur shoots an arrow.
The arrow hits you.
* * * LOW HITPOINT WARNING * * *
The centaur shoots an arrow.
The arrow hits you.
* * * LOW HITPOINT WARNING * * *
You hear a shout!
There is an escape hatch in the ceiling here.
The centaur warrior shoots an arrow.
The arrow hits you!
* * * LOW HITPOINT WARNING * * *
The centaur warrior shoots an arrow.
The arrow hits you.
* * * LOW HITPOINT WARNING * * *
The centaur shoots an arrow.
The arrow hits you!
You die...

##... ...... ...#.##..... ..
###..#....... ...
#....#......##.# ....#.........#(
#...#........... ###
#............... ##.##
####@............. #..<####
##..#.............. ....##.#
##................... #...#..##
#...###......(........
#..))...###...##.................
#...†....#........#..............
#......†..........#...cc.........
#................##.cccc.........
##..............##....c..........


You could see 2 centaur warriors and 4 centaurs.

Vanquished Creatures
  An orc warlord (Orc:2)
  A stone giant (D:12)
  A reaper (IceCv)
  An eleionoma (Lair:2)
  3 dire elephants (Lair:1)
  Azrael (D:14)
  A minotaur (Gauntlet)
  A slime creature (D:12)
  A great orb of eyes (D:12)
  2 yaktaur captains (D:12)
  5 hydras
  3 boulder beetles
  2 catoblepae
  2 alligators (Lair:1)
  2 two-headed ogres
  3 centaur warriors
  3 tengu warriors (D:13)
  A dancing weapon (D:14)
  4 death yaks
  An orc high priest (Orc:2)
  Nergalle (Lair:3)
  2 skysharks
  An orc knight (Orc:1)
  A wizard (Gauntlet)
  2 orc sorcerers (Orc:2)
  5 ugly things
  A cyclops (D:7)
  4 manticores
  3 black mambas
  10 elephants
  A torpor snail (Lair:2)
  An ice statue (IceCv)
  6 cane toads
  A gargoyle (D:11)
  A rime drake (Lair:1)
  3 kobold demonologists
  6 komodo dragons
  An unseen horror (shapeshifter) (D:13)
  2 ice devils (IceCv)
  3 anaconda simulacra (IceCv)
  4 meliai
  3 polar bears
  10 blink frogs
  4 hornets
  A raiju (Gauntlet)
  2 dream sheep (Lair:5)
  Sigmund (D:3)
  14 spriggans
  A dire elephant simulacrum (IceCv)
  A shadow (D:11)
  A vampire (D:10)
  3 fire elementals (D:14)
  A wraith (D:12)
  6 wyverns
  30 yaks
  4 basilisks
  3 steam dragons
  Menkaure (D:4)
  A warg (Orc:2)
  10 vampire mosquitoes
  4 harpy simulacra (IceCv)
  14 water moccasins
  4 hell hounds (D:14)
  3 acid dragons
  A hydra simulacrum (IceCv)
  33 orc warriors
  5 black bears
  2 boggarts (Lair:5)
  2 ice beasts
  5 ogres
  9 centaurs
  20 wolves
  A lemure (D:7)
  4 phantoms
  4 kobold brigands
  11 bullfrogs
  6 scorpions
  A cane toad simulacrum (IceCv)
  5 gnoll sergeants
  9 wights
  10 killer bees
  An elephant simulacrum (IceCv)
  6 howler monkeys
  5 electric eels
  5 hounds
  4 jellies
  A gnoll bouda (D:7)
  13 orc priests
  An iron imp (D:6)
  6 sleepcaps
  Ijyb (D:4)
  4 iguanas
  Terence (D:2)
  A troll simulacrum (IceCv)
  Natasha (thrice) (D:3)
  16 orc wizards
  A hell rat (Lair:1)
  A wolf simulacrum (IceCv)
  Robin (D:2)
  22 gnolls
  13 adders
  A naga simulacrum (IceCv)
  3 shadow imps (Gauntlet)
  4 white imps
  3 ufetubi
  2 worms
  2 dart slugs (D:2)
  72 orcs
  15 ball pythons
  4 endoplasms
  14 giant cockroaches
  11 goblins
  10 hobgoblins
  4 jackals (D:5)
  6 quokkas
  6 bats
  25 frilled lizards
  3 goblin skeletons (D:6)
  A goblin zombie (D:6)
  2 hobgoblin zombies (D:6)
  21 kobolds
  A kobold skeleton (D:6)
  An orc skeleton (D:6)
  An orc zombie (D:6)
  6 rats
672 creatures vanquished.

Vanquished Creatures (collateral kills)
  Erolcha (D:11)
  A hydra (D:12)
  An anaconda (Lair:1)
  A tengu warrior (D:12)
  A death yak (D:10)
  A skyshark (Lair:2)
  A wizard (Gauntlet)
  Pikel (D:7)
  An orc sorcerer (Orc:1)
  3 oklob plants (Lair:5)
  2 deep elf pyromancers (D:14)
  3 cyclopes
  A manticore (D:13)
  An elephant (Lair:1)
  2 black mambas
  An ice statue (IceCv)
  Maurice (Orc:1)
  A cane toad (Lair:1)
  A gargoyle (D:12)
  A torpor snail (Lair:4)
  An unseen horror (D:11)
  2 rime drakes
  A kobold demonologist (D:12)
  4 ice devils
  A tengu conjurer (D:13)
  5 komodo dragons
  4 trolls
  5 polar bears
  4 blink frogs
  2 slime creatures (D:12)
  A vampire (D:10)
  A spriggan (shapeshifter) (D:13)
  A wyvern (D:8)
  A dire elephant simulacrum (IceCv)
  12 yaks
  4 basilisks
  A fire elemental (D:14)
  A steam dragon (D:8)
  2 wargs (Orc:2)
  A vampire mosquito (D:14)
  An acid dragon (D:11)
  5 water moccasins
  3 orc warriors
  An ice beast (D:7)
  3 black bears
  A boggart (Lair:5)
  4 centaurs
  5 wolves
  A lemure (D:7)
  3 bullfrogs
  6 kobold brigands
  A scorpion (Lair:1)
  A gnoll sergeant (D:9)
  3 killer bees
  4 howler monkeys
  An electric eel (D:8)
  4 orc priests
  6 orc wizards
  A lightning spire (Gauntlet)
  A troll simulacrum (IceCv)
  5 gnolls
  A white imp (IceCv)
  4 orcs (Orc:2)
  A bat (D:1)
  2 frilled lizards (D:1)
  3 kobolds
151 creatures vanquished.

Vanquished Creatures (others)
  4 ancestors (D:7)
  23 knights
  4 ball lightnings
  572 fulminant prisms
603 creatures vanquished.

Grand Total: 1426 creatures vanquished

Notes
Turn   | Place    | Note
-------+----------+-------------------------------------------
     0 | D:5      | cforsyth the Djinni Delver began the quest for the Orb.
     0 | D:5      | Reached XP level 1. HP: 20/20 MP: 0/0
    20 | D:5      | Noticed a water moccasin
    28 | D:5      | Killed a water moccasin
    29 | D:5      | Reached skill level 4 in Fighting
    29 | D:5      | Reached XP level 2. HP: 27/27 MP: 0/0
    29 | D:5      | Reached XP level 3. HP: 31/31 MP: 0/0
    29 | D:5      | Learned a level 1 spell: Shock
    29 | D:5      | Reached XP level 4. HP: 38/38 MP: 0/0
    29 | D:5      | Reached XP level 5. HP: 42/42 MP: 0/0
    29 | D:5      | Learned a level 2 spell: Passwall
   126 | D:5      | Noticed a black bear
   140 | D:5      | Killed a black bear
   141 | D:5      | Reached skill level 5 in Fighting
   141 | D:5      | Reached XP level 6. HP: 7/49 MP: 0/0
   302 | D:5      | Noticed an ogre
   330 | D:5      | Killed an ogre
   412 | D:5      | Found a sacrificial altar of Ru.
   994 | D:5      | Reached XP level 7. HP: 43/55 MP: 0/0
   994 | D:5      | Learned a level 2 spell: Wereblood
  1252 | D:4      | Noticed Ijyb
  1598 | D:5      | Reached skill level 6 in Fighting
  2507 | D:5      | Found a sacrificial altar of Ru.
  2995 | D:4      | Reached XP level 8. HP: 39/62 MP: 0/0
  3129 | D:3      | Found a broken altar of Ashenzari.
  3134 | D:3      | Noticed Sigmund
  3149 | D:3      | Killed Sigmund
  3150 | D:3      | Reached skill level 7 in Fighting
  3194 | D:3      | Noticed Natasha
  3204 | D:3      | Killed Natasha
  3404 | D:3      | Found Ruash's Antique Weapon Shop.
  3463 | D:3      | Noticed Natasha
  3530 | D:3      | Found a glowing drain.
  3538 | Sewer    | Entered a sewer
  4401 | D:3      | Bought a crystal dagger for 175 gold pieces
  4401 | D:3      | Identified the +6 dagger of Fury {flame, rF+ rN+} (You
                  | bought it in a shop on level 3 of the Dungeon)
  4473 | D:3      | Killed Natasha
  4743 | D:3      | Noticed Natasha
  4744 | D:3      | Killed Natasha
  4745 | D:3      | Reached skill level 5 in Spellcasting
  4745 | D:3      | Reached skill level 5 in Conjurations
  4745 | D:3      | Reached skill level 5 in Hexes
  4745 | D:3      | Reached skill level 5 in Summonings
  4745 | D:3      | Reached skill level 5 in Necromancy
  4745 | D:3      | Reached skill level 5 in Translocations
  4745 | D:3      | Reached skill level 5 in Transmutations
  4745 | D:3      | Reached skill level 5 in Fire Magic
  4745 | D:3      | Reached skill level 5 in Ice Magic
  4745 | D:3      | Reached skill level 5 in Air Magic
  4745 | D:3      | Reached skill level 5 in Earth Magic
  4745 | D:3      | Reached skill level 5 in Poison Magic
  4781 | D:4      | Killed Ijyb
  4971 | D:4      | Found a hazy altar of Hepliaklqana.
  5014 | D:4      | Noticed Menkaure
  5176 | D:4      | Killed Menkaure
  5177 | D:4      | Reached skill level 8 in Fighting
  5345 | D:5      | HP: 3/65 [orc warrior/+0 long sword (10)]
  5347 | D:5      | Reached XP level 9. HP: 4/71 MP: 0/0
  5347 | D:5      | Learned a level 4 spell: Fulminant Prism
  5656 | D:6      | Found a basalt altar of Yredelemnul.
  5706 | D:6      | Reached skill level 9 in Fighting
  5936 | D:6      | Reached skill level 10 in Fighting
  6252 | D:6      | Found a glowing golden altar of the Shining One.
  6497 | D:6      | Found a bloodstained altar of Trog.
  6829 | D:6      | Noticed a hornet
  6842 | D:6      | Reached skill level 11 in Fighting
  6880 | D:6      | Killed a hornet
  7109 | D:6      | Reached XP level 10. HP: 51/83 MP: 0/0
  7643 | D:6      | Reached skill level 12 in Fighting
  8033 | D:4      | Became a worshipper of Hepliaklqana the Forgotten
  8392 | D:2      | Identified the ring "Bynis" {Will+ Str+4 Int+4}
  8463 | D:2      | Noticed Robin
  8474 | D:2      | Killed Robin
  8601 | D:2      | Noticed Terence
  8606 | D:2      | Killed Terence
  9107 | D:1      | Found Goson's Weapon Shoppe.
  9140 | D:1      | Found a faded altar of an unknown god.
  9259 | D:1      | Reached * piety under Hepliaklqana
 10017 | D:7      | Found a staircase to the Ecumenical Temple.
 10017 | D:7      | Noticed Pikel
 10037 | D:7      | Killed Pikel
 10038 | D:7      | Reached skill level 13 in Fighting
 10521 | D:7      | Noticed a purple ugly thing
 10521 | D:7      | Noticed a white ugly thing
 10541 | D:7      | Killed a purple ugly thing
 10547 | D:7      | Noticed a boulder beetle
 10612 | D:7      | HP: 2/77 [white ugly thing (28)]
 10613 | D:7      | Killed a white ugly thing
 10960 | D:7      | Reached skill level 14 in Fighting
 11204 | D:7      | Noticed a two-headed ogre
 11213 | D:7      | Killed a two-headed ogre
 11214 | D:7      | Reached XP level 11. HP: 74/84 MP: 0/0
 11214 | D:7      | Learned a level 4 spell: Dispel Undead
 11397 | D:7      | Reached skill level 15 in Fighting
 11408 | D:7      | Noticed a cyclops
 11464 | D:7      | Killed a cyclops
 11654 | D:7      | Found a sparkling altar of Nemelex Xobeh.
 11768 | D:7      | Found a hazy altar of Hepliaklqana.
 11770 | D:7      | Reached ** piety under Hepliaklqana
 11771 | D:7      | Remembered your ancestor Jabu as a knight
 11901 | D:7      | Killed a boulder beetle
 12710 | Temple   | Entered the Ecumenical Temple
 13169 | D:8      | Reached skill level 1 in Shields
 13617 | D:8      | Found a burning altar of Makhleb.
 13617 | D:8      | Reached *** piety under Hepliaklqana
 14472 | D:9      | Reached XP level 12. HP: 77/92 MP: 0/0
 14502 | D:9      | Identified the +0 chain mail "Komasean" {Dex+4}
 14632 | D:10     | Entered Level 10 of the Dungeon
 14695 | D:10     | Found a flagged portal.
 14705 | Bailey   | Entered a bailey
 14753 | Bailey   | Identified the +9 flail "Suxoib" {elec, rPois Int+5 Dex-4}
 14801 | Bailey   | Found an iron altar of Okawaru.
 14962 | D:10     | Noticed a death yak
 14963 | D:10     | Noticed a death yak
 14963 | D:10     | Noticed a death yak
 14967 | D:10     | Noticed a death yak
 14969 | D:10     | Noticed a death yak
 14972 | D:10     | Killed a death yak
 15115 | D:10     | Reached skill level 16 in Fighting
 15234 | D:10     | Noticed a two-headed ogre
 15243 | D:10     | Killed a two-headed ogre
 15244 | D:10     | Reached skill level 5 in Shields
 15330 | D:10     | Reached **** piety under Hepliaklqana
 15385 | D:10     | Killed a death yak
 15407 | D:10     | Found a staircase to the Lair.
 15420 | D:10     | Killed a death yak
 15422 | D:10     | Killed a death yak
 15749 | D:11     | Reached skill level 10 in Spellcasting
 15749 | D:11     | Reached skill level 10 in Conjurations
 15749 | D:11     | Reached skill level 10 in Hexes
 15749 | D:11     | Reached skill level 10 in Summonings
 15749 | D:11     | Reached skill level 10 in Necromancy
 15749 | D:11     | Reached skill level 10 in Translocations
 15749 | D:11     | Reached skill level 10 in Transmutations
 15749 | D:11     | Reached skill level 10 in Fire Magic
 15749 | D:11     | Reached skill level 10 in Ice Magic
 15749 | D:11     | Reached skill level 10 in Air Magic
 15749 | D:11     | Reached skill level 10 in Earth Magic
 15749 | D:11     | Reached skill level 10 in Poison Magic
 16002 | D:11     | Noticed Erolcha
 16007 | D:11     | Killed Erolcha
 16042 | D:11     | Reached XP level 13. HP: 94/99 MP: 0/0
 16042 | D:11     | Learned a level 5 spell: Arcjolt
 16793 | D:12     | Reached skill level 17 in Fighting
 16890 | D:12     | Identified the staff "Rulydent" {rF+ rCorr Str+3 Dex+4
                  | Fire}
 16984 | D:12     | Noticed an eight-headed hydra
 16994 | D:12     | Found a frozen archway.
 17003 | D:12     | Killed an eight-headed hydra
 17063 | IceCv    | Entered an ice cave
 17503 | IceCv    | Noticed a reaper
 17529 | IceCv    | Killed a reaper
 18164 | D:12     | Noticed a catoblepas
 18183 | D:12     | Killed a catoblepas
 18315 | D:12     | Noticed a yaktaur captain
 18327 | D:12     | Killed a yaktaur captain
 18391 | D:12     | Noticed a stone giant
 18689 | D:12     | Noticed a centaur warrior
 18695 | D:12     | Killed a centaur warrior
 18789 | D:12     | Noticed a four-headed hydra
 19025 | D:12     | Killed a stone giant
 19026 | D:12     | Reached XP level 14. HP: 72/108 MP: 0/0
 19172 | D:12     | Found a staircase to the Orcish Mines.
 19253 | D:12     | Reached skill level 10 in Shields
 19579 | D:12     | Reached skill level 18 in Fighting
 19641 | Lair:1   | Entered Level 1 of the Lair of Beasts
 19644 | Lair:1   | Reached ***** piety under Hepliaklqana
 19875 | Lair:1   | Found a runed translucent gate.
 19877 | Lair:1   | Noticed Luexkioj's ghost (novice HOFi)
 19878 | Lair:1   | Noticed Luexkioj's ghost (novice HOFi)
 19885 | Lair:1   | Noticed Eugor's ghost (journeyman DjFE)
 20030 | Lair:1   | Found a runed translucent gate.
 20031 | Lair:1   | Found a runed translucent gate.
 20034 | Lair:1   | Noticed bakla's ghost (journeyman DgHu)
 20264 | Lair:1   | Noticed a dire elephant
 20282 | Lair:1   | Killed a dire elephant
 20409 | Lair:1   | Noticed a dire elephant
 20409 | Lair:1   | Noticed a dire elephant
 20807 | Lair:1   | Killed a dire elephant
 20960 | Lair:1   | Identified the ring of Beogh, Leaping {rF++ rC++ MP+9 Str+3
                  | Dex-2}
 21020 | Lair:1   | Killed a dire elephant
 21147 | Lair:2   | Noticed an eleionoma
 21343 | Lair:2   | Identified the +6 rapier "Dragonslayer" {freeze, rF+}
 22506 | Lair:2   | You are sucked into a shaft and drop 1 floor!
 22527 | Lair:2   | Killed an eleionoma
 22686 | Lair:2   | Found a staircase to the Swamp.
 22782 | Lair:2   | Reached XP level 15. HP: 104/115 MP: 0/0
 22782 | Lair:2   | Learned a level 6 spell: Conjure Ball Lightning
 22806 | Lair:2   | Reached skill level 19 in Fighting
 22913 | Lair:2   | Found a shadowy altar of Dithmenos.
 22963 | Lair:2   | Found a hole to the Spider Nest.
 23875 | Lair:3   | Noticed Nergalle
 23884 | Lair:3   | Killed Nergalle
 25482 | Lair:5   | Entered Level 5 of the Lair of Beasts
 25510 | Lair:5   | Found a gate leading to a gauntlet.
 25516 | Gauntlet | Entered a Gauntlet
 25516 | Gauntlet | Found a transporter.
 25531 | Gauntlet | Found a transporter.
 25548 | Gauntlet | Found a transporter.
 25552 | Gauntlet | Found a transporter.
 25573 | Gauntlet | Found a transporter.
 25586 | Gauntlet | Found a transporter.
 25598 | Gauntlet | Noticed a balrug
 25598 | Gauntlet | Found the ring of the Octopus King
 25600 | Gauntlet | Found a transporter.
 25629 | Gauntlet | Found a transporter.
 25629 | Gauntlet | Found a transporter.
 25634 | Gauntlet | Found a transporter.
 25657 | Gauntlet | Reached ****** piety under Hepliaklqana
 25659 | Gauntlet | Found a transporter.
 25661 | Gauntlet | Found a transporter.
 25847 | Gauntlet | Identified the ring "Hetyeg" {rElec Int+6}
 26002 | Gauntlet | Identified the +8 broad axe of Exoneration {venom, rC- rN++
                  | Stlth+}
 26002 | Gauntlet | Identified the +2 shortbow "Foylo" {elec, Int+4}
 26002 | Gauntlet | Identified the +1 ice dragon scales of Spring {Rampage rF-
                  | rC++ Dex+4}
 26002 | Gauntlet | Identified the ring of Mooll {Dex+3 Slay+4}
 26278 | Lair:5   | Reached skill level 15 in Ice Magic
 26389 | Lair:5   | Reached skill level 20 in Fighting
 27050 | Lair:5   | Reached XP level 16. HP: 120/124 MP: 0/0
 27298 | Lair:5   | Found a staircase to the Slime Pits.
 27298 | Lair:5   | Found a viscous altar of Jiyva.
 28288 | Orc:1    | Entered Level 1 of the Orcish Mines
 28338 | Orc:1    | Noticed Maurice
 28356 | Orc:1    | Killed Maurice
 28544 | Orc:2    | Entered Level 2 of the Orcish Mines
 28765 | Orc:2    | Found a staircase to the Elven Halls.
 28991 | Orc:2    | Found Ifosuibb's Antique Armour Boutique.
 29052 | Orc:2    | Bought a pair of glowing gloves for 195 gold pieces
 29603 | Orc:2    | Found Teqioss's Antique Armour Shoppe.
 29605 | Orc:2    | Found Vagebes's Antique Weapon Emporium.
 29612 | Orc:2    | Bought an ichor-stained scimitar for 216 gold pieces
 29612 | Orc:2    | Identified the +4 scimitar of Fimbulwinter {flame, rN+ MP+9
                  | Dex+2} (You bought it in a shop on level 2 of the Orcish
                  | Mines)
 29620 | Orc:2    | Bought a fine scale mail for 288 gold pieces
 29620 | Orc:2    | Identified the +0 scale mail of Inquiry {Str+4} (You bought
                  | it in a shop on level 2 of the Orcish Mines)
 29913 | Orc:2    | Found Peqeadgh's General Store.
 29920 | Orc:2    | Bought a scroll of fear for 68 gold pieces
 29920 | Orc:2    | Bought a potion of heal wounds for 85 gold pieces
 31154 | D:14     | Noticed Azrael
 31170 | D:14     | Killed Azrael
 31171 | D:14     | Reached skill level 21 in Fighting
 31254 | D:14     | Shot with an arrow by a centaur

Illustrated notes

Levels and vault maps discovered:
D:1:      sevenhm_arrival_forest_fort_small_1, layout_basic,
          shapermc_ecumenical_altar_mp_highgroup, serial_shops,
          nicolae_shop_bloodbath_and_beyond, minmay_misc_feat_more_columns,
          minmay_lizard_pond
D:2:      layout_loops_corners, uniq_robin, uniq_terence
D:3:      layout_basic, evilmike_ruin_ashenzari, serial_shops,
          nicolae_shop_temple_entry_statues_fountains, gup_sewer_entry_bubbles,
          hangedman_feature_mirror, uniq_sigmund, uniq_natasha
D:4:      layout_basic, nzn_hepliaklqana_mist_gate, minivault_25, uniq_ijyb,
          uniq_menkaure
D:5:      layout_gridville, kennysheep_little_box
D:6:      kennysheep_windowed_halls, layout_rooms,
          mainiacjoe_overflow_surrounded_room, amcnicky_altar_gilded,
          nicolae_tso_besieged_by_evil, serial_bayou, serial_bayou_ford_a,
          serial_bayou_pond_b, serial_bayou_crossing, serial_bayou_pond_d,
          serial_bayou_lagoon_a
D:7:      minmay_the_grid_octo_2x2 [minmay_the_grid_octo_checkerflower,
          minmay_the_grid_octo_checkered, minmay_the_grid_octo_vomiting_pacman,
          minmay_the_grid_octo_prize_square_snowflake], layout_layer_cave,
          lemuel_doored_altar, minmay_temple_entry_junction, corner_web_ring,
          uniq_pikel
D:8:      layout_gridville, nicolae_sif_muna_condensation,
          mainiacjoe_overflow_six_doors_small, fountainhead,
          kennysheep_opposing_triangles
D:9:      layout_long_grid
D:10:     layout_loops_ring, dpeg_lair_monsters, enter_bailey_8,
          kennysheep_generic_room_8
D:11:     layout_stronghold, minmay_fractal_squares_5, uniq_erolcha
D:12:     minmay_textured_paths, layout_long_grid, orc_0_dummy,
          portal_ice_cave_demonic_guard, st_stairs_1, small_statue_alley_a
D:13:     layout_cave_pods
D:14:     layout_cave_pools, erik_vaults_1, bloody_makhleb, enter_trove_1,
          cheibrodos_worm_habitat, uniq_azrael
Temple:   nicolae_temple_god_jail
Lair:1:   layout_gridlike, gammafunk_ghost_cemetery, nicolae_lair_lakeside_cave
Lair:2:   wad_woods_stonehenge, layout_big_grid,
          alex1729_swamp_entry_worm_eleionoma,
          hellmonk_spider_entry_not_the_bees
Lair:3:   wander_river, layout_chaotic_city, grunt_megastairs_4, uniq_nergalle
Lair:4:   layout_roguey
Lair:5:   minmay_lair_end_enchanted_forest, layout_gridlike,
          minmay_slime_entry_oklob_enclosed, gauntlet_entry_generic,
          minivault_11
Orc:1:    layout_diamond_mine, uniq_maurice
Orc:2:    grunt_orc_community_town_hall, layout_caves,
          grunt_orc_community_big_house_2, grunt_orc_community_big_house_1,
          grunt_orc_community_house_3, grunt_orc_community_house_1,
          grunt_orc_community_house_1, grunt_orc_community_house_1,
          grunt_orc_community_house_1, grunt_orc_community_house_3

Skill      XL: |  1  2  3  4  5  6  7  8  9 10 11 12 13 14 15 16 |
---------------+-------------------------------------------------+-----
Fighting       | 4 5 6 8 11 14 15 16 17 18 20 21 | 21.0
Spellcasting   | 2 3 4 5 6 8 9 10 12 13 14 | 14.1
Conjurations   | 2 3 4 5 6 8 9 10 12 13 14 | 14.1
Hexes          | 2 3 4 5 6 8 9 10 12 13 14 | 14.1
Summonings     | 2 3 4 5 6 8 9 10 12 13 14 | 14.1
Necromancy     | 2 3 4 5 6 8 9 10 12 13 14 | 14.1
Translocations | 2 3 4 5 6 8 9 10 12 13 14 | 14.1
Transmutations | 2 3 4 5 6 8 9 10 12 13 14 | 14.1
Fire Magic     | 2 3 4 5 6 8 9 10 12 13 14 | 14.1
Ice Magic      | 2 3 4 5 6 8 9 10 11 13 15 16 | 16.8
Air Magic      | 2 3 4 5 6 8 9 10 12 13 14 | 14.1
Earth Magic    | 2 3 4 5 6 8 9 10 12 13 14 | 14.1
Poison Magic   | 2 3 4 5 6 8 9 10 12 13 14 | 14.1
Shields        | 3 7 9 10 | 10.0
Long Blades    | |  1.7
Dodging        | |  2.1
Stealth        | |  4.1

Action                     |  1- 3 |  4- 6 |  7- 9 | 10-12 | 13-15 | 16-18 || total
---------------------------+-------+-------+-------+-------+-------+-------++-------
  Melee: Falchion          |       |    62 |   169 |       |       |       ||   231
         Dagger            |       |       |    61 |   183 |    86 |       ||   330
         Punch             |       |       |     1 |     1 |       |       ||     2
         Rapier            |       |       |       |       |   107 |    46 ||   153
   Cast: Shock             |       |    20 |   128 |     7 |     1 |    47 ||   203
         Passwall          |       |       |     2 |       |     3 |       ||     5
         Fulminant Prism   |       |       |    61 |   173 |   286 |    52 ||   572
         Wereblood         |       |       |       |     1 |     3 |       ||     4
         Arcjolt           |       |       |       |       |   140 |   114 ||   254
         Conjure Ball Ligh |       |       |       |       |     1 |     1 ||     2
 Invoke: Recall Ancestor   |       |       |       |     3 |     4 |     4 ||    11
         Ancestor Life: Kn |       |       |       |     1 |       |       ||     1
  Evoke: Wand              |     2 |     3 |     1 |     2 |    12 |       ||    20
    Use: Scroll            |       |       |     3 |    15 |    13 |     1 ||    32
         Potion            |       |       |       |       |     4 |       ||     4
   Stab: Sleeping          |       |       |     5 |     8 |       |       ||    13
         Distracted        |       |       |     1 |       |     3 |       ||     4
 Armour: Leather armour    |       |    72 |   198 |   146 |   358 |    65 ||   839
         Robe              |       |       |       |    26 |       |       ||    26
         Troll leather arm |       |       |       |       |       |    60 ||    60
  Dodge: Dodged            |       |    74 |   200 |   146 |   146 |    34 ||   600
  Block: Kite shield       |       |       |       |    39 |   232 |    60 ||   331

Table legend: (Time is in decaauts)
 A = Elapsed time spent in this place.
 B = Non-inter-level travel time spent in this place.
 C = Inter-level travel time spent in this place.
 D = Time resting spent in this place.
 E = Time spent auto-exploring this place.
 F = Levels seen in this place.
 G = Mean time per level.
                   A        B        C        D        E       F      G
               +--------+--------+--------+--------+--------+-----+--------+
         Total |  31374 |  30222 |   1152 |   5795 |  17140 |  26 | 1206.7 |
       Dungeon |  19087 |  18192 |    895 |   2741 |  11366 |  14 | 1363.4 |
        Temple |      1 |      1 |      0 |      0 |      0 |   1 |    1.0 |
          Lair |   8054 |   7858 |    196 |   2079 |   3957 |   5 | 1610.8 |
  Orcish Mines |   1704 |   1644 |     60 |    343 |    878 |   2 |  852.0 |
         Sewer |    805 |    805 |      0 |    164 |    350 |   1 |  805.0 |
        Bailey |    154 |    154 |      0 |      0 |     66 |   1 |  154.0 |
      Ice Cave |   1013 |   1013 |      0 |    357 |    346 |   1 | 1013.0 |
      Gauntlet |    554 |    554 |      0 |    111 |    177 |   1 |  554.0 |
               +--------+--------+--------+--------+--------+-----+--------+

Top non-repeatable levels by time:
     D:5: 3182 daAuts
     D:6: 2945 daAuts
  Lair:1: 2799 daAuts
     D:7: 2292 daAuts
  Lair:5: 2097 daAuts
    D:12: 1744 daAuts
  Lair:3: 1378 daAuts
   Orc:2: 1203 daAuts
    D:13: 1125 daAuts
    D:10: 1105 daAuts
     D:2: 1087 daAuts
     D:3: 1063 daAuts
     D:9: 1036 daAuts
  Lair:2: 1022 daAuts
   IceCv: 1013 daAuts
